[Event "*** Titled Tuesday Blitz"]
[Site "Chess.com"]
[Date "2021.02.02"]
[Round "10"]
[White "fmshawnrl123"]
[Black "Sibelephant"]
[Result "0-1"]
[WhiteElo "2775"]
[BlackElo "3042"]
[TimeControl "180+1"]
[EndTime "11:54:48 PST"]
[Termination "Sibelephant won by resignation"]

1. a3 g6 2. h4 Bg7 3. h5 d5 4. d4 Nc6 5. Nf3 e5 6. dxe5 Nxe5 7. Nc3 Be6 8. Ng5 Qd7 9. Nxe6 fxe6 10. e3 O-O-O 11. Bb5 c6 12. Be2 Ne7 13. Bd2 Nf5 14.
g4 Nd6 15. h6 Bf6 16. b3 g5 17. Qb1 Rhf8 18. Qa2 Bh8 19. O-O-O Rxf2 20. Rhf1 Rdf8 21. Rxf2 Rxf2 22. Rf1 Rxf1+ 23. Bxf1 Nf3 24. Bd3 Nxd2 25. Kxd2 Ne4+ 0-1

[Event "*** Titled Tuesday Blitz"]
[Site "Chess.com"]
[Date "2021.02.02"]
[Round "10"]
[White "SlavenPastar"]
[Black "manmanlai1"]
[Result "1-0"]
[WhiteElo "2627"]
[BlackElo "2452"]
[TimeControl "180+1"]
[EndTime "11:54:48 PST"]
[Termination "SlavenPastar won by resignation"]

1. d4 Nf6 2. Nf3 g6 3. c4 Bg7 4.
Nc3 d5 5. cxd5 Nxd5 6. e4 Nxc3 7. bxc3 c5 8. Be3 b6 9. Qd2 Bb7 10. Bb5+ Nd7 11. dxc5 bxc5 12. O-O-O Bc8 13. Bxc5 Rb8 14. Bd4 Rxb5 15. Bxg7 Rg8 16. c4 Qc7 17. Bb2 Qxc4+ 18. Kb1 Qc7 19. Nd4 Rb6 20. Rc1 Qb8 21. Ka1 Bb7 22.
f3 g5 23. Rhd1 Rgg6 24. Nf5 Bc8 25. Qc3 1-0

[Event "*** Titled Tuesday Blitz"]
[Site "Chess.com"]
[Date "2021.02.02"]
[Round "10"]
[White "strelec64"]
[Black "noblerone"]
[Result "0-1"]
[WhiteElo "2492"]
[BlackElo "2419"]
[TimeControl "180+1"]
[EndTime "11:54:48 PST"]
[Termination "noblerone won on time"]

1. d4 d5 2. Nf3 Nf6 3. c4 c6 4. Nc3 dxc4 5. a4 Bf5 6. e3 e6 7. Bxc4 Bb4 8. O-O O-O 9. h3 h6 10. Qb3 Qe7 11. Na2 Bd6 12. Bd3 Bxd3 13. Qxd3 Nbd7 14. e4 e5 15. Nc3 Rad8 16. Qe2 Rfe8 17. dxe5 Nxe5 18. Nd4 Bb8 19. Nf5 Qe6 20. f3 Ng6 0-1

[Event "*** Titled Tuesday Blitz"]
[Site "Chess.com"]
[Date "2021.02.02"]
[Round "10"]
[White "Cambek64"]
[Black "chescomhuynya"]
[Result "0-1"]
[WhiteElo "2311"]
[BlackElo "2518"]
[TimeControl "180+1"]
[EndTime "11:54:49 PST"]
[Termination "chescomhuynya won on time"]

1. e4 c5 2. Nc3 d6 3. d3 Nc6 4.
Be3 g6 5. d4 cxd4 6. Bxd4 Nxd4 7.
Qxd4 Nf6 8. e5 dxe5 9. Bb5+ Bd7 10. Qxe5 a6 11. Bxd7+ Qxd7 12. Rd1 Qc6 13. Nd5 Nxd5 14. Qxd5 Bg7 15. Qxc6+ bxc6 16. b3 a5 17. a4 c5 18.
Nf3 c4 19. O-O O-O 20. Rd5 cxb3 21. cxb3 Rfb8 22. Rb1 Rb4 23. Nd2 e6 24. Rc5 Rd8 25.
Rc2 Bh6 26. Nf1 Bf8 27. Rc3 Rdb8 28. Ne3 Rxa4 29. g3 Rab4 30. Ra1 R8b5 31. Nc2 Re4 32.
Rd3 h5 33. h4 Bc5 0-1

[Event "*** Titled Tuesday Blitz"]
[Site "Chess.com"]
[Date "2021.02.02"]
[Round "10"]
[White "chegueps"]
[Black "lucachess49"]
[Result "1-0"]
[WhiteElo "2493"]
[BlackElo "2333"]
[TimeControl "180+1"]
[EndTime "11:54:50 PST"]
[Termination "chegueps won by checkmate"]

1. e4 e5 2. Nc3 Nc6 3. Bc4 Nf6 4.
d3 Na5 5. Bb3 Nxb3 6. axb3 d6 7.
f4 Be7 8. Nf3 exf4 9. Bxf4 O-O 10. O-O d5 11. e5 Nh5 12. Be3 g6 13. Bh6 Ng7 14. d4 Re8 15. Qe1 Nf5 16. Bd2 c5 17.
dxc5 Bxc5+ 18. Kh1 d4 19. Ne4 Be7 20. Bg5 Qb6 21. Bxe7 Rxe7 22. Nf6+ Kg7 23. Qd2 Bd7 24. Qg5 Bc6 25. Nh4 Nxh4 26. Qxh4 h6 27. Ng4 Bxg2+ 28. Kxg2 g5 29. Qf2 Rc8 30. Qf6+ Kf8 31. Qh8# 1-0

[Event "*** Titled Tuesday Blitz"]
[Site "Chess.com"]
[Date "2021.02.02"]
[Round "10"]
[White "szachuspl"]
[Black "Jadeit90"]
[Result "1-0"]
[WhiteElo "2538"]
[BlackElo "2420"]
[TimeControl "180+1"]
[EndTime "11:54:53 PST"]
[Termination "szachuspl won by resignation"]

1. d4 Nf6 2. c4 c5 3. d5 d6 4.
Nc3 g6 5. e4 Bg7 6. Bd3 O-O 7.
h3 e6 8. Nf3 exd5 9. cxd5 Na6 10. O-O Nc7 11. Re1 Rb8 12. a4 a6 13. a5 b5 14. axb6 Rxb6 15. Nd2 Re8 16. Nc4 Rb4 17. Bf4 Bf8 18. Qc2 Nb5 19. Nxb5 axb5 20. Na5 Bd7 21. Bd2 Ra4 22. Rxa4 bxa4 23. Nc6 Bxc6 24. dxc6 Qa8 25. Bb5 d5 26. exd5 Rxe1+ 27. Bxe1 Nxd5 28. Qxa4 Qe8 29. Qd1 Nc7 30. Ba4 Qe5 31. Bc3 Qd6 32. Qe2 Ne6 33. Be5 Nd4 34. Qe4 Qd8 35. c7 Qc8 36.
Bxd4 cxd4 37. Qc6 d3 38. Kf1 Qf5 1-0

[Event "*** Titled Tuesday Blitz"]
[Site "Chess.com"]
[Date "2021.02.02"]
[Round "10"]
[White "Kostukov_Alex"]
[Black "salomez"]
[Result "1-0"]
[WhiteElo "2311"]
[BlackElo "2202"]
[TimeControl "180+1"]
[EndTime "11:55:00 PST"]
[Termination "Kostukov_Alex won by resignation"]

1. g3 d5 2. Bg2 Nf6 3. d3 e5 4. e4 dxe4 5. dxe4 Qxd1+ 6. Kxd1 Bg4+ 7. f3 Be6 8. Be3 Nbd7 9. Nd2 Bc5 10. Ke2 Bxe3 11. Kxe3 O-O-O 12. Bh3 Nc5 13. b3 Rd4 14. Bxe6+ Nxe6 15. Ne2 Rd7 16. Nc4 Nd4 17. Nxd4 exd4+ 18. Kd3 Re8 19. a4 c6 20. a5 Kc7 21. Rhe1 Ng8 22.
f4 Nh6 23. h3 f6 24. g4 Nf7 25. Re2 Nd6 26. Nxd6 Rxd6 27. Kc4 Red8 28. Rd1 b6 29. axb6+ axb6 30. Red2 c5 31. b4 Kc6 32. bxc5 bxc5 33. Ra1 Rb8 34. Ra6+ Kc7 35. Ra7+ Kc6 36. c3 dxc3 37. Ra6+ 1-0

[Event "*** Titled Tuesday Blitz"]
[Site "Chess.com"]
[Date "2021.02.02"]
[Round "10"]
[White "DenisQ"]
[Black "AlexSuv"]
[Result "1-0"]
[WhiteElo "2658"]
[BlackElo "2488"]
[TimeControl "180+1"]
[EndTime "11:55:03 PST"]
[Termination "DenisQ won by resignation"]

1. Nf3 d5 2. c4 e6 3. g3 Nf6 4. Bg2 dxc4 5. Qa4+ Nbd7 6. Qxc4 a6 7. Qc2 c5 8. O-O Be7 9. d4 cxd4 10. Nxd4 O-O 11.
Rd1 Qa5 12. Nc3 Qh5 13. h3 Ne5 14. Bf4 Ng6 15. g4 Nxg4 16. hxg4 Qxg4 17. Bg3 e5 18. Nf3 Bf5 19. Qa4 Qh5 20. Nxe5 Nxe5 21. Bxe5 Bh3 22. Qf4 Bxg2 23. Kxg2 Rad8 24. Qg3 f6 25. Bd6 Bxd6 26. Rxd6 Rxd6 27. Qxd6 Qg6+ 28. Qg3 Qc2 29. Qd3 Qxb2 30. Rb1 Qa3 31. Rxb7 Kh8 32. Rd7 Qa5 33.
Rd5 Qc7 34. Ne4 h5 35. Rxh5+ Kg8 1-0

[Event "*** Titled Tuesday Blitz"]
[Site "Chess.com"]
[Date "2021.02.02"]
[Round "10"]
[White "BabyBoss31"]
[Black "Brave_spirit12"]
[Result "1/2-1/2"]
[WhiteElo "2340"]
[BlackElo "2482"]
[TimeControl "180+1"]
[EndTime "11:55:07 PST"]
[Termination "Game drawn by repetition"]

1. d4 Nf6 2. Bg5 c6 3. Bxf6 exf6 4. e4 d5 5. Nd2 Bd6 6. Bd3 O-O 7. Ne2 Qc7 8. Ng3 dxe4 9. Ndxe4 Bxg3 10. hxg3 f5 11. Qh5 h6 12. Nf6+ Kh8 13. Qg5 Qe7+ 14. Ne4 Re8 15.
O-O-O fxe4 16. Rxh6+ Kg8 17. Rh8+ Kxh8 18. Rh1+ Kg8 19.
Qh5 f6 20. Bc4+ Be6 21. Qh7+ Kf8 22. Qh8+ Kf7 23. Qh5+ Kg8 24. Qh8+ Kf7 25. Qh5+ Kf8 26. Qh8+ Kf7 1/2-1/2

[Event "*** Titled Tuesday Blitz"]
[Site "Chess.com"]
[Date "2021.02.02"]
[Round "10"]
[White "dopolian"]
[Black "VladaSviridova"]
[Result "1-0"]
[WhiteElo "2416"]
[BlackElo "2248"]
[TimeControl "180+1"]
[EndTime "11:55:07 PST"]
[Termination "dopolian won by resignation"]

1. Nf3 d5 2. c4 c6 3. b3 Nf6 4. Bb2 e6 5. g3 Bd6 6. Bg2 O-O 7. O-O Nbd7 8. d4 b6 9. Nbd2 Bb7 10. Qc2 Rc8 11. e4 dxe4 12. Nxe4 Nxe4 13. Qxe4 Nf6 14. Qe2 c5 15. Rfd1 Qe7 16. Rd2 cxd4 17. Nxd4 Bxg2 18. Kxg2 Rfd8 19. Rad1 h6 20. Qf3 Qe8 21. Nf5 exf5 22.
Bxf6 gxf6 23. Rxd6 Rxd6 24. Rxd6 Qe4 25. Rxf6 Kg7 26.
Rxf5 Qxf3+ 27. Kxf3 Kg6 28. Rd5 Re8 29. Rd7 a5 30.
Rd6+ f6 31. Rxb6 Re1 32. Rb5 Rh1 33. Rxa5 Rxh2 34. c5 Rh1 35. c6 Rc1 36. Ra6 Kf5 37. b4 Ke5 38. b5 Kd6 39. a4 Rc5 40. Ra7 f5 41. Rd7+ Ke6 42. Rd3 Rc4 43. Rb3 Kd6 44.
b6 Kxc6 45. b7 1-0

[Event "*** Titled Tuesday Blitz"]
[Site "Chess.com"]
[Date "2021.02.02"]
[Round "10"]
[White "ChessWarrior7197"]
[Black "Paralinch"]
[Result "1-0"]
[WhiteElo "2939"]
[BlackElo "2900"]
[TimeControl "180+1"]
[EndTime "11:55:09 PST"]
[Termination "ChessWarrior7197 won by resignation"]

1. e4 c5 2. Nf3 d6 3. d4 cxd4 4.
Nxd4 Nf6 5. f3 e5 6. Nb3 Be7 7. c4 a5 8. Be3 O-O 9. Nc3 Nc6 10. Bd3 Nh5 11. Qd2 Nf4 12. O-O Bg5 13. Nd5 Be6 14.
g3 Nh3+ 15. Kg2 h6 16. Nc1 Bxe3 17. Qxe3 Ng5 18. Kh1 Bh3 19. Rf2 f5 20. exf5 Bxf5 21. Bxf5 Rxf5 22. Ne2 Qf8 23. Raf1 Re8 24. h4 Ne6 25.
Nec3 Nc5 26. Ne4 Nd4 27. Kg2 Kh8 28. Nxc5 dxc5 29. Qe4 Qd6 30. f4 h5 31. Ne3 Rff8 32.
f5 Qc6 33. Nd5 b5 34. b3 a4 35. f6 a3 36. Kh2 Rf7 37. fxg7+ Rxg7 38. Rf8+ Rg8 39.
Rxg8+ Rxg8 40. Qxe5+ 1-0

[Event "*** Titled Tuesday Blitz"]
[Site "Chess.com"]
[Date "2021.02.02"]
[Round "10"]
[White "ARTHURMOTIVATOR"]
[Black "Chessbard1972"]
[Result "0-1"]
[WhiteElo "2304"]
[BlackElo "2415"]
[TimeControl "180+1"]
[EndTime "11:55:11 PST"]
[Termination "Chessbard1972 won by resignation"]

1. e4 c5 2. b3 d5 3. exd5 Qxd5 4.
Nf3 Nf6 5. Nc3 Qd8 6. Bb5+ Bd7 7. Bxd7+ Nbxd7 8. O-O e6 9. Bb2 Be7 10. d3 O-O 11. Ne4 h6 12. Qe2 b6 13. Rad1 Qc7 14. Rfe1 Rad8 15. c4 Rfe8 16. Nc3 a6 17. d4 cxd4 18.
Rxd4 Nc5 19. Rxd8 Rxd8 20. Ne5 Bd6 21. b4 Bxe5 22. bxc5 Bxh2+ 23. Kh1 Bf4 24. cxb6 Qxb6 25. g3 Rd2 26. Qf3 Qxb2 27. gxf4 Rxf2 28. Qg3 Nh5 29. Qh3 Nxf4 30. Qg3 Qb7+ 31. Ne4 Re2 32. Rxe2 Nxe2 33. Qf3 Qxe4 0-1

[Event "*** Titled Tuesday Blitz"]
[Site "Chess.com"]
[Date "2021.02.02"]
[Round "10"]
[White "Bodnar_Mykola"]
[Black "Fluke180"]
[Result "0-1"]
[WhiteElo "2527"]
[BlackElo "2457"]
[TimeControl "180+1"]
[EndTime "11:55:14 PST"]
[Termination "Fluke180 won on time"]

1. e4 c6 2. Nf3 d5 3. exd5 cxd5 4. d4 Nc6 5. c4 Nf6 6. Nc3 Be6 7. c5 g6 8. a3 Bg7 9. b4 O-O 10. h3 Ne4 11. Bb2 b6 12. b5 Na5 13. c6 a6 14. a4 axb5 15. axb5 Qc7 16. Bd3 Nd6 17. O-O Nac4 18. Qb3 Rxa1 19. Rxa1 Qc8 20. Ng5 Bxd4 21. Nxe6 Qxe6 22. Ba3 Qf6 23. Bxd6 exd6 24. Nxd5 Qxf2+ 25. Kh1 Bxa1 26. Qxc4 Re8 27. Be4 Qe1+ 28. Kh2 Be5+ 0-1

[Event "*** Titled Tuesday Blitz"]
[Site "Chess.com"]
[Date "2021.02.02"]
[Round "10"]
[White "dianamirza"]
[Black "Nachsueb"]
[Result "0-1"]
[WhiteElo "1917"]
[BlackElo "2172"]
[TimeControl "180+1"]
[EndTime "11:55:14 PST"]
[Termination "Nachsueb won by resignation"]

1. d4 Nf6 2. Nf3 d5 3. e3 e6 4. Bd3 c5 5. b3 Nc6 6. Bb2 Be7 7. O-O O-O 8. Ne5 cxd4 9. exd4 Bd7 10. f4 Rc8 11.
Nd2 Be8 12. g4 Nd7 13. g5 f6 14. g6 fxe5 15. gxh7+ Kh8 16. dxe5 Nc5 17. Nf3 Nxd3 18. Qxd3 Nb4 19. Qd1 Bg6 20. Ng5 Bxg5 21. fxg5 Qb6+ 22.
Bd4 Rxf1+ 23. Kxf1 Rf8+ 24. Ke2 Qb5+ 25. Ke3 Nxc2+ 0-1

[Event "*** Titled Tuesday Blitz"]
[Site "Chess.com"]
[Date "2021.02.02"]
[Round "10"]
[White "Sergienko_Sergey"]
[Black "ZenBull"]
[Result "1-0"]
[WhiteElo "2394"]
[BlackElo "2257"]
[TimeControl "180+1"]
[EndTime "11:55:17 PST"]
[Termination "Sergienko_Sergey won by resignation"]

1. e4 c5 2. Nf3 e6 3. d3 Nc6 4. g3 d5 5. Nbd2 Nf6 6. Bg2 Be7 7. O-O Qc7 8. Re1 O-O 9. e5 Nd7 10.
Qe2 Nd4 11. Nxd4 cxd4 12. Nf3 Bc5 13. Bf4 b5 14. h4 Bb7 15. h5 Rfc8 16. h6 g6 17. Ng5 Bf8 18. Qf3 Nc5 19. Bh3 Re8 20.
Kg2 Rac8 21. Re2 Na4 22. Rb1 a5 23. Bg4 b4 24. Nh3 Ba6 25. Bg5 Nc5 26. Bf6 Bxh6 27. Ng5 Bf8 28. Nxh7 Nd7 29. Rh1 Bg7 30. Bxg7 Kxg7 31. Ng5 Nf8 32. Qf6+ 1-0

[Event "*** Titled Tuesday Blitz"]
[Site "Chess.com"]
[Date "2021.02.02"]
[Round "10"]
[White "WPWPWP-2015"]
[Black "superchess02"]
[Result "0-1"]
[WhiteElo "2489"]
[BlackElo "2775"]
[TimeControl "180+1"]
[EndTime "11:55:24 PST"]
[Termination "superchess02 won by resignation"]

1. e4 c5 2. Nf3 d6 3. d4 cxd4 4. Nxd4 Nf6 5. Nc3 a6 6. h3 e6 7. Be3 b5 8. a3 Bb7 9. Bd3 Nbd7 10. O-O Rc8 11. Qe2 Be7 12. Rae1 O-O 13. Bc1 Ne5 14.
Kh1 Qb6 15. Nb3 Nc4 16. Nd1 d5 17. e5 Ne4 18. Ne3 Nxe5 19. Bxe4 dxe4 20. Bd2 Nc4 21.
Nxc4 bxc4 22. Na5 Bd5 23. Bc3 Rc5 24. Qd2 Rd8 25. Rd1 Bf6 26. Bb4 Rb5 27. Qe3 Qxe3 28.
fxe3 Rbb8 29. b3 cxb3 30. Nxb3 Bxb3 31. cxb3 Rd3 32. Rc1 Rxe3 33. Rc6 Rxb3 34. Rxa6 h5 35. Ra5 h4 36. Bd6 Rb1 37. Kg1 Bd4+ 38. Kh2 Rxf1 39.
Bxb8 Bg1+ 40. Kh1 Bb6+ 41. Kh2 Bxa5 0-1

[Event "*** Titled Tuesday Blitz"]
[Site "Chess.com"]
[Date "2021.02.02"]
[Round "10"]
[White "Annawel"]
[Black "Reader777"]
[Result "1/2-1/2"]
[WhiteElo "2926"]
[BlackElo "2818"]
[TimeControl "180+1"]
[EndTime "11:55:27 PST"]
[Termination "Game drawn by agreement"]

1. f4 d5 2. Nf3 Nf6 3. g3 g6 4.
Bg2 Bg7 5. O-O O-O 6. b3 c5 7. Bb2 Nc6 8. e3 Nd7 9. Bxg7 Kxg7 10. d4 cxd4 11. exd4 Nf6 12. Nbd2 Bg4 13. h3 Bxf3 14. Nxf3 Ne4 15. Kh2 Qb6 16. c4 Rad8 17. c5 Qc7 18. Rc1 b6 19. a3 bxc5 20. dxc5 e5 21. fxe5 Nxe5 22. Nxe5 Qxe5 23. Qd3 h5 24. h4 Nf6 25. Bf3 Rfe8 26. c6 Qb2+ 27. Rc2 Qxa3 28. c7 Rc8 29. Qd4 Qd6 30. Bxd5 Re5 1/2-1/2

[Event "*** Titled Tuesday Blitz"]
[Site "Chess.com"]
[Date "2021.02.02"]
[Round "10"]
[White "Legendinunknown"]
[Black "Alexander_Moskalenko"]
[Result "1-0"]
[WhiteElo "2602"]
[BlackElo "2789"]
[TimeControl "180+1"]
[EndTime "11:55:28 PST"]
[Termination "Legendinunknown won by checkmate"]

1. d4 Nf6 2. c4 g6 3. Nc3 Bg7 4. e4 O-O 5. Nf3 d6 6. Be2 e5 7.
d5 a5 8. Bg5 h6 9. Be3 Ng4 10.
Bc1 f5 11. exf5 gxf5 12. g3 Na6 13. Nh4 Nc5 14. O-O Bd7 15. h3 Nf6 16. f4 Nfe4 17.
Nxe4 Nxe4 18. Kh2 Qe7 19. Ng6 Qf6 20. Nxf8 Rxf8 21. Bf3 exf4 22. gxf4 Re8 23. Rg1 Kh7 24. Rg2 Qh4 25. Qg1 Ng5 26. fxg5 Be5+ 27. Rg3 hxg5 28.
Bd2 g4 29. Qg2 gxh3 30. Qf2 Rg8 31. Rg1 Qxc4 32. Be1 Qxa2 33. Kxh3 Bxg3 34. Rxg3 f4+ 35. Bg4 Rxg4 36. Rxg4 Qxd5 37. Qh4+ Qh5 38. Qxh5# 1-0

[Event "*** Titled Tuesday Blitz"]
[Site "Chess.com"]
[Date "2021.02.02"]
[Round "10"]
[White "chess4ever007"]
[Black "GiorgianBarbosa"]
[Result "0-1"]
[WhiteElo "2377"]
[BlackElo "2494"]
[TimeControl "180+1"]
[EndTime "11:55:28 PST"]
[Termination "GiorgianBarbosa won by resignation"]

1. e4 c6 2. Nf3 d5 3. Nc3 dxe4 4. Nxe4 Nf6 5. Ng3 Bg4 6. h3 Bxf3 7. Qxf3 g6 8. b3 Bg7 9. Bb2 O-O 10. h4 Qd5 11. Qxd5 cxd5 12. h5 Nc6 13. O-O-O Ng4 14. Bxg7 Kxg7 15.
Rh4 Nxf2 16. Re1 g5 17. Ra4 f5 18. c4 d4 19. c5 e5 20. Bb5 f4 21. Ne4 Nxe4 22.
Rxe4 Kf6 23. Bxc6 bxc6 24. Ra6 Rfc8 25. d3 Ke6 26. Kd2 Kd5 27. Ke2 Rc7 28. Kf3 Re8 29. Ra5 h6 30. Kg4 Rf8 31. Re2 Rb8 32. Kf5 Rf8+ 33.
Kg4 Re7 34. Re4 Ref7 35. b4 f3 36. gxf3 Rxf3 37. Rxa7 Rxd3 38. Rd7+ Kxe4 0-1

[Event "*** Titled Tuesday Blitz"]
[Site "Chess.com"]
[Date "2021.02.02"]
[Round "10"]
[White "SHIVACalypso"]
[Black "Pantata007"]
[Result "0-1"]
[WhiteElo "2356"]
[BlackElo "2250"]
[TimeControl "180+1"]
[EndTime "11:55:29 PST"]
[Termination "Pantata007 won by resignation"]

1. Nf3 d5 2. c4 d4 3. e3 Nc6 4. exd4 Nxd4 5. Nxd4 Qxd4 6. Nc3 e5 7. Nd5 Bd6 8. d3 c6 9. Nc3 Bg4 10. Be2 Nf6 11. Be3 Bxe2 12. Qxe2 Qh4 13. d4 O-O 14. d5 cxd5 15. cxd5 Bb4 16. Rd1 Rfd8 17. d6 Ne4 18.
Qc4 Bxc3+ 19. bxc3 Rac8 20. Qb4 a5 21. Qxb7 Nxc3 22.
Rc1 Qc4 23. Qb2 Rxd6 24. f3 Rd3 25. Kf2 Rxe3 26. Rhd1 Re2+ 27. Qxe2 Qxe2+ 28. Kg1 Qxd1+ 0-1

[Event "*** Titled Tuesday Blitz"]
[Site "Chess.com"]
[Date "2021.02.02"]
[Round "10"]
[White "arctic_t00"]
[Black "Mimsychess"]
[Result "1-0"]
[WhiteElo "2540"]
[BlackElo "2379"]
[TimeControl "180+1"]
[EndTime "11:55:30 PST"]
[Termination "arctic_t00 won by resignation"]

1. Nf3 d5 2. g3 c6 3. Bg2 Bg4 4. c4 e6 5. O-O Nf6 6. d3 Nbd7 7. cxd5 exd5 8. Qb3 Nc5 9. Qc2 Be7 10. b4 Ne6 11. a3 Bxf3 12. exf3 O-O 13. f4 a5 14. bxa5 Qxa5 15.
Bb2 Qc5 16. Qd1 Qb5 17. Be5 Nd7 18. d4 Qb2 19. Nd2 Rxa3 20. Rb1 Qc3 21. Rxb7 Nxe5 22. dxe5 Bc5 23. Nb1 Qc4 24. Nxa3 Bxa3 25. Qb3 Qxb3 26.
Rxb3 Bc5 27. Rc1 Nd4 28. Re3 Bb6 29. Ree1 h5 30. Kf1 Rd8 31. Red1 c5 32. Rb1 Ba5 33. Rb7 Bc3 34. Bh3 Ne6 35. f5 Ng5 36. Bg2 Bxe5 37.
f4 1-0

[Event "*** Titled Tuesday Blitz"]
[Site "Chess.com"]
[Date "2021.02.02"]
[Round "10"]
[White "Artem_Sadovsky"]
[Black "GMaka"]
[Result "1-0"]
[WhiteElo "2563"]
[BlackElo "2423"]
[TimeControl "180+1"]
[EndTime "11:55:31 PST"]
[Termination "Artem_Sadovsky won by resignation"]

1. Nf3 c5 2. b3 Nc6 3. Bb2 d6 4.
e3 e5 5. d4 cxd4 6. exd4 e4 7.
Nfd2 d5 8. Be2 Bd6 9. c4 Nge7 10. Nc3 Nxd4 11. Ndxe4 Nxe2 12. Nxd6+ Qxd6 13. Qxe2 O-O 14. O-O-O Qh6+ 15. Kb1 Bf5+ 16. Ka1 Rfe8 17. Rhe1 Bd7 18. Qf3 d4 19. Rxd4 Bc6 20. Qg4 Qxh2 21. Nd5 Ng6 22. Rde4 Rxe4 23. Qxe4 h6 24. Qd4 f6 25. Nxf6+ gxf6 26.
Qxf6 Qc7 1-0

[Event "*** Titled Tuesday Blitz"]
[Site "Chess.com"]
[Date "2021.02.02"]
[Round "10"]
[White "Vandros57"]
[Black "DinaBelenkaya"]
[Result "1-0"]
[WhiteElo "2260"]
[BlackElo "2376"]
[TimeControl "180+1"]
[EndTime "11:55:31 PST"]
[Termination "Vandros57 won by resignation"]

1. d4 d5 2. Nf3 Nf6 3. c4 dxc4 4. e3 a6 5. Bxc4 e6 6. O-O c5 7. Qe2 b5 8. Bb3 Bb7 9. Rd1 Nbd7 10. Nc3 Qb8 11. h3 Be7 12. e4 b4 13. d5 bxc3 14.
dxe6 fxe6 15. Bxe6 Ne5 16. Bf4 Nxf3+ 17. Qxf3 Qa7 18.
Qg3 g6 19. Qxc3 Qb6 20. Bd7+ Kf8 21. Bh6+ Kf7 22. Qc4+ Bd5 23. exd5 Nxd7 24. d6+ Ke8 25. Qe6 Qd8 26. Bg5 Nf8 27. Qe5 Nd7 28. Qxh8+ Kf7 29. Qxh7+ Ke6 1-0

[Event "*** Titled Tuesday Blitz"]
[Site "Chess.com"]
[Date "2021.02.02"]
[Round "10"]
[White "rynos0411"]
[Black "MariaFominykh"]
[Result "1-0"]
[WhiteElo "2402"]
[BlackElo "2282"]
[TimeControl "180+1"]
[EndTime "11:55:32 PST"]
[Termination "rynos0411 won on time"]

1. e4 d6 2. d4 Nf6 3. Nc3 e5 4. Nf3 Nbd7 5. Bc4 Be7 6. O-O O-O 7. h3 c6 8. Bb3 b5 9. Re1 a6 10. a3 Bb7 11. Be3 Qc7 12. dxe5 dxe5 13. Ba2 Bc5 14. Qe2 Bxe3 15. Qxe3 Rad8 16. Rad1 h6 17.
Nh4 Qb6 18. Qf3 Kh8 19. Nf5 a5 20. Qg3 Ne8 21. Rd2 Ndf6 22. Rxd8 Qxd8 23. Rd1 Qc7 24. Qe3 Bc8 25. Qc5 Nh7 26. Nd6 Nxd6 27. Rxd6 Qxd6 28. Qxd6 1-0

[Event "*** Titled Tuesday Blitz"]
[Site "Chess.com"]
[Date "2021.02.02"]
[Round "10"]
[White "Shepherdboy"]
[Black "Vanina1989"]
[Result "1-0"]
[WhiteElo "2465"]
[BlackElo "2687"]
[TimeControl "180+1"]
[EndTime "11:55:34 PST"]
[Termination "Shepherdboy won by resignation"]

1. d4 d5 2. Bf4 Nf6 3. e3 c5 4.
c3 Nc6 5. Nd2 cxd4 6. exd4 Bg4 7.
Qb3 Na5 8. Qa4+ Bd7 9. Bb5 Nc6 10. Ngf3 a6 11. Be2 e6 12. h3 Be7 13. Qd1 O-O 14.
O-O b5 15. Bd3 b4 16. Re1 bxc3 17. bxc3 Qa5 18. Re3 Rfc8 19. Nb3 Qa3 20. Ne5 Be8 21. Ng4 Na5 22. Rg3 Ne4 23. Bxe4 dxe4 24. Bc1 Qd6 25. Nxa5 Bh4 26. Nh6+ Kf8 27. Nb7 Qe7 28. Rxg7 Kxg7 29. Qg4+ Bg5 30. Bxg5 f5 31. Qg3 Qxb7 32. Qe5+ Kg6 33.
Qf6+ 1-0

[Event "*** Titled Tuesday Blitz"]
[Site "Chess.com"]
[Date "2021.02.02"]
[Round "10"]
[White "Savagelittlemole"]
[Black "dukicz123"]
[Result "0-1"]
[WhiteElo "2456"]
[BlackElo "2587"]
[TimeControl "180+1"]
[EndTime "11:55:34 PST"]
[Termination "dukicz123 won on time"]

1. e4 e5 2. Nf3 Nc6 3. Bb5 a6 4. Ba4 Nf6 5. O-O Be7 6. Re1 b5 7.
Bb3 O-O 8. h3 Bb7 9. d3 d5 10.
exd5 Nxd5 11. Nbd2 Nd4 12. Nxe5 c5 13. Ndf3 Nxb3 14.
axb3 Bd6 15. Bd2 Qc7 16. Ba5 Qc8 17. d4 Nf4 18. dxc5 Bxc5 19. Qc1 Qf5 20. Bc7 Nxh3+ 21.
gxh3 Bxf3 22. Nxf3 Qxf3 23. Qd2 Qxh3 24. Qc3 Qf5 25.
Bg3 Rac8 26. Qd2 Qf3 27. Qe2 Qxg3+ 28. Kf1 Qh3+ 29. Kg1 Rc6 0-1

[Event "*** Titled Tuesday Blitz"]
[Site "Chess.com"]
[Date "2021.02.02"]
[Round "10"]
[White "TeukkaSalama"]
[Black "zeitnot2006"]
[Result "1-0"]
[WhiteElo "2378"]
[BlackElo "2518"]
[TimeControl "180+1"]
[EndTime "11:55:36 PST"]
[Termination "TeukkaSalama won on time"]

1. d4 e6 2. Bf4 g5 3. Bc1 Bg7 4. c3 b6 5. e4 Bb7 6. Bd3 d6 7. Qe2 Nd7 8. f3 h6 9. Nh3 Ne7 10. Nf2 Ng6 11. g3 c5 12. Be3 Qe7 13. Nd2 a6 14. a4 O-O 15. h4 f5 16. hxg5 hxg5 17.
f4 g4 18. Rh2 e5 19. fxe5 dxe5 20. Bc4+ Rf7 21. exf5 exd4 22. cxd4 cxd4 23. fxg6 dxe3 24. gxf7+ Kf8 25. Kf1 exd2 26. Qxg4 Ne5 27. Rh8+ 1-0

[Event "*** Titled Tuesday Blitz"]
[Site "Chess.com"]
[Date "2021.02.02"]
[Round "10"]
[White "Manukyan_Artak"]
[Black "novocane"]
[Result "0-1"]
[WhiteElo "2387"]
[BlackElo "2271"]
[TimeControl "180+1"]
[EndTime "11:55:36 PST"]
[Termination "novocane won by resignation"]

1. e4 c5 2. Nf3 Nc6 3. c3 Nf6 4. e5 Nd5 5. d4 cxd4 6. cxd4 d6 7. Nc3 Nxc3 8. bxc3 d5 9. h3 Bf5 10. g4 Be4 11.
Bd3 Qa5 12. Bb2 Bxf3 13. Qxf3 Nxd4 14. Qd1 Nc6 15. O-O e6 16. f4 Qb6+ 17. Rf2 Bc5 18. Qe2 Bxf2+ 19. Qxf2 Qxf2+ 20. Kxf2 g5 21. c4 dxc4 22.
Bxc4 gxf4 23. Kf3 O-O-O 24. Rc1 Rd2 25. Bc3 Rh2 26. Kxf4 Rxh3 27. Kg5 Rf3 28. Kh6 Rg8 29. Bf1 Rf2 30. Kxh7 Rxg4 31. Bd2 Rh2+ 32. Bh6 Rgh4 33.
Kg7 Rxh6 34. Kxf7 Rf2+ 35. Kg7 Rh1 0-1

[Event "*** Titled Tuesday Blitz"]
[Site "Chess.com"]
[Date "2021.02.02"]
[Round "10"]
[White "ketster"]
[Black "mshuaau0"]
[Result "1-0"]
[WhiteElo "2399"]
[BlackElo "2278"]
[TimeControl "180+1"]
[EndTime "11:55:37 PST"]
[Termination "ketster won by resignation"]

1. d4 e6 2. c4 d5 3. Nf3 Nf6 4. g3 a6 5. Bg2 dxc4 6. O-O Nc6 7. e3 Rb8 8. b3 cxb3 9. axb3 Bb4 10. Bb2 O-O 11.
Qc2 Qe7 12. Nbd2 Bxd2 13. Nxd2 Rd8 14. Nc4 Nb4 15. Qe2 b5 16. Na5 c5 17. Ba3 Nfd5 18.
Rfc1 Bd7 19. Rxc5 Rdc8 20. Bxd5 Rxc5 21. Bxb4 Rc1+ 22. Rxc1 Qxb4 23. Nc6 Qd6 24. Nxb8 Qxb8 25. Bf3 g6 26. Qc2 Kg7 27. Qc7 Qe8 28. Bc6 Bxc6 29.
Rxc6 Qf8 30. Qd6 Qa8 31. e4 a5 32. Qe5+ Kg8 33. Qxb5 Qd8 34. Qc5 Kg7 35. d5 exd5 36. Qxd5 Qb8 37. e5 Qb4 38. Rc7 Qe1+ 39. Kg2 Qe4+ 40.
Qxe4 1-0